 Dungeon Crawl Stone Soup version 0.29.1-12-g30fa7ad0bf (webtiles) character file.

Game seed: 17127205518026486132

27 styxcanada the Sneak (level 2, -1/22 HPs)
             Began as a Spriggan Brigand on Dec 18, 2022.
             Succumbed to a goblin's poison
             ... on level 1 of the Dungeon.
             The game lasted 00:02:20 (522 turns).

styxcanada the Sneak (Spriggan Brigand)              Turns: 522, Time: 00:02:21

Health: -1/22      AC: 21    Str:  7    XL:     2   Next: 93%
Magic:  3/3        EV:  4    Int: 12    God:
Gold:   28         SH:  0    Dex: 16    Spells: 1/1 levels left

rFire   . . .      SeeInvis +   a - +2 dagger
rCold   . . .      Faith    .   (no shield)
rNeg    . . .      Spirit   .   (body armour currently unavailable)
rPois   +          Reflect  .   (helmet currently unavailable)
rElec   .          Harm     .   (cloak currently unavailable)
rCorr   .          Rampage  .   (gloves unavailable)
Will    .....      NoTele   +   (boots unavailable)
Stlth   ++++......              (no amulet)
HPRegen 0.07/turn               (no ring)
MPRegen 0.08/turn               (no ring)

@: lethally poisoned (-1 -> -10), tree-form
A: stationary, stasis, torment immunity, boosted hp, very small, no large
weapons, unfitting armour, see invisible, (speed 3)
a: no special abilities


You were on level 1 of the Dungeon.
You were a tree.
You visited 1 branch of the dungeon, and saw 1 of its levels.

You collected 28 gold pieces.

Inventory:

Hand Weapons
 a - a +2 dagger (weapon)
Missiles
 d - 9 poisoned darts (quivered)
 e - 3 curare-tipped darts
 l - 7 stones
Armour
 b - a +0 robe (melded)
 c - a +0 cloak (melded)
Jewellery
 i - a ring of fire
Scrolls
 g - a scroll of identify {unknown}
 h - a scroll of blinking {unknown}
 k - a scroll of immolation {unknown}
Potions
 j - a potion of curing {unknown}


   Skills:
 * Level 1.7 Fighting
 + Level 2.3 Short Blades
 + Level 2.1 Throwing
 * Level 1.9 Dodging
 * Level 6.8 Stealth


You had one spell level left.
You didn't know any spells.
Your spell library was empty.

Dungeon Overview and Level Annotations

Branches:
Dungeon (1/15)

Altars:


Innate Abilities, Weirdness & Mutations

You are a tree.
Your roots penetrate the ground, keeping you stationary.
You cannot be teleported.
You are immune to unholy pain and torment.
Your maximum health is greatly increased.
Your equipment is partially melded.
You are very small and have problems with some larger weapons.
You are too small for most types of armour.
You have supernaturally acute eyesight. (SInv)
((You cover ground extremely quickly. (Speed+++)))


Message History

The dart slug closely misses you.
You hit the dart slug.
The dart slug is heavily wounded.
You hit the dart slug. You punch the dart slug.
You kill the dart slug!
You see here a dart slug corpse.
k - a scroll labelled SUZXYET TUFU You see here 7 stones.
l - 7 stones A goblin comes into view. It is wielding a +2 dagger of venom.
A kobold and an endoplasm come into view.
The kobold shouts!
The kobold moves out of view.
The goblin shouts!
The endoplasm quivers.
You barely miss the goblin.
A kobold comes into view. It is wielding a +0 dagger.
The goblin hits you but does no damage.
You are poisoned.
You hit the goblin but do no damage.
You feel very sick.
The goblin hits you with a +2 dagger of venom.
You closely miss the goblin.
You feel sick.
The goblin hits you with a +2 dagger of venom.
You are more poisoned.
The kobold hits you with a +0 club.
You hit the goblin.
You kill the goblin!
* * * LOW HITPOINT WARNING * * *
You feel very sick. The kobold misses you.
You hit the endoplasm.
The endoplasm is lightly wounded.
* * * LOW HITPOINT WARNING * * *
You feel sick. The endoplasm closely misses you.
Unknown command.
It was a potion of lignification.
You turn into a tree.
Your +0 cloak melds into your body.
Your +0 robe melds into your body.
Your roots penetrate the ground.
You die...

.†............... #
####...#####.#.##.#
####...#..........#
..........##.#.##.#
#.##..............#
#.##............##
#..........####..#####
..##......##..##.....#
####.##...#...KJ♣....#
####.##...#..##.K....#
#....#....## ##.....#
#.####..#..##. #.....#
#.####†....... #.....#
.....#..#.##..##..####
####.#..#..####...#
...#.#..##... .#.#
####.#..# ###.


You could see an endoplasm and 2 kobolds.

Vanquished Creatures
  A dart slug (D:1)
  2 ball pythons (D:1)
  3 bats (D:1)
  An endoplasm (D:1)
  2 giant cockroaches (D:1)
  2 goblins (D:1)
  4 hobgoblins (D:1)
  2 kobolds (D:1)
  A quokka (D:1)
  A frilled lizard (D:1)
  2 rats (D:1)
21 creatures vanquished.

Notes
Turn   | Place    | Note
-------+----------+-------------------------------------------
     0 | D:1      | styxcanada the Spriggan Brigand began the quest for the
                  | Orb.
     0 | D:1      | Reached XP level 1. HP: 10/10 MP: 2/2
    33 | D:1      | Reached skill level 6 in Stealth
    87 | D:1      | Reached XP level 2. HP: 9/14 MP: 3/3
   522 | D:1      | Succumbed to a goblin's poison

Illustrated notes

Levels and vault maps discovered:
D:1:      minmay_arrival_checkered_box, layout_basic, solitary_fountain,
          minmay_close_crescents

Skill      XL: |  1 |
---------------+----+-----
Stealth        | 6 |  6.8
Fighting       | |  1.7
Short Blades   | |  2.3
Throwing       | |  2.1
Dodging        | |  1.9

Action                   || total
-------------------------++-------
Melee: Dagger            ||    49
       Punch             ||     2
Throw: Dart              ||    13
  Use: Potion            ||     1
 Stab: Sleeping          ||     1
Armor: Robe              ||     9
Dodge: Dodged            ||    39
